 Dungeon Crawl Stone Soup version 0.23-a0-171-g5ae17c6e89 (console) character file.

51 Heliocid the Ruffian (level 3, 0/28 HPs)
             Began as a Draconian Transmuter on Sept 13, 2018.
             Succumbed to an adder's poison
             ... on level 2 of the Dungeon.
             The game lasted 00:05:52 (1029 turns).

Heliocid the Ruffian (Draconian Transmuter)         Turns: 1029, Time: 00:05:53

Health: 0/28       AC:  5    Str: 13    XL:     3   Next: 57%
Magic:  5/6        EV: 12    Int: 17    God:
Gold:   65         SH:  0    Dex: 11    Spells: 0/6 levels left

rFire    . . .     SeeInvis .   l - +0 dagger
rCold    . . .     Gourm    .   (no shield)
rNeg     . . .     Faith    .   (armour unavailable)
rPois    .         Spirit   .   (helmet restricted)
rElec    .         Reflect  .   (no cloak)
rCorr    .         Harm     .   (no gloves)
MR       .....                  (boots currently unavailable)
Stlth    +.........             (no amulet)
HPRegen  0.09/turn              b - +4 ring of intelligence
MPRegen  0.10/turn              (no ring)

@: lethally poisoned (0 -> -23), appendage
A: unfitting armour, talons 3, cold-blooded, AC +5
a: End Transformation


You were on level 2 of the Dungeon.
You were hungry.
You had grown temporary talons.
You visited 1 branch of the dungeon, and saw 2 of its levels.

You collected 65 gold pieces.

Inventory:

Hand Weapons
 l - a +0 dagger (weapon)
Missiles
 a - 49 arrows
 e - 61 stones (quivered)
 h - 39 sling bullets
Jewellery
 b - a +4 ring of intelligence (left hand)
Scrolls
 d - 4 scrolls of identify {unknown}
 i - a scroll of fog {unknown}
 j - a scroll of amnesia {unknown}
 k - a scroll of immolation {unknown}
Potions
 g - a potion of curing {unknown}
Comestibles
 c - a ration
 f - 3 chunks of flesh


   Skills:
 + Level 1.1 Fighting
 + Level 2.0 Dodging
 + Level 4.0 Unarmed Combat
 + Level 2.2 Spellcasting
 + Level 2.4 Transmutations


You couldn't memorise any spells.
You knew the following spells:

 Your Spells              Type           Power        Failure   Level  Hunger
a - Beastly Appendage     Tmut           ##....       7%          1    #......
b - Sticks to Snakes      Tmut           ##......     11%         2    ###....
c - Spider Form           Tmut/Pois      #.........   34%         3    ###....

Your spell library contained the following spells:

 Spells                   Type           Power        Failure   Level  Hunger
 Ice Form                 Ice/Tmut       #.......     75%         4    #####..
 Blade Hands              Tmut           ##........   88%         5    ######.


Dungeon Overview and Level Annotations

Branches:
Dungeon (2/15)

Altars:
Gozag


Innate Abilities, Weirdness & Mutations

Your plain brown scales are hard. (AC +5)
You cannot fit into any form of body armour.
You are cold-blooded and may be slowed by cold attacks.
You have claws for feet.


Message History

You are more poisoned.
The adder poisons you!
You hit the adder. Your kick misses the adder.
Your tail-slap misses the adder.
The adder is moderately wounded.
You feel sick. The adder barely misses you. The adder bites you.
* * * LOW HITPOINT WARNING * * *
You are more poisoned.
The adder poisons you!
You completely miss the adder.
The adder is moderately wounded.
* * * LOW HITPOINT WARNING * * *
You feel sick. The adder barely misses you.
You hit the adder.
The adder is heavily wounded.
* * * LOW HITPOINT WARNING * * *
You feel sick. The adder bites you.
* * * LOW HITPOINT WARNING * * *
You hit the adder but do no damage. You claw the adder.
You kill the adder!
You die...

###### #....#
#....# #....#
####....#
#..'....##
#.##..@†%#
#.##........._
#.##.....#....
#.######## 8..
#.# . #.# #.#
#.# #.#


There were no monsters in sight!

Vanquished Creatures
  2 adders (D:2)
  An ooze (D:1)
  2 dart slugs
  A leopard gecko (D:1)
  2 bats
  6 goblins
  2 hobgoblins (D:1)
  5 kobolds (D:1)
  2 rats (D:1)
23 creatures vanquished.

Notes
Turn   | Place    | Note
-------+----------+-------------------------------------------
     0 | D:1      | Heliocid the Draconian Transmuter began the quest for the
                  | Orb.
     0 | D:1      | Reached XP level 1. HP: 16/16 MP: 3/3
   158 | D:1      | Reached XP level 2. HP: 18/23 MP: 5/5
   783 | D:1      | Reached skill level 4 in Unarmed Combat
   970 | D:2      | Reached XP level 3. HP: 26/28 MP: 6/6
   974 | D:2      | Learned a level 2 spell: Sticks to Snakes
   987 | D:2      | Learned a level 3 spell: Spider Form
  1013 | D:2      | Found an opulent altar of Gozag.
  1029 | D:2      | Succumbed to an adder's poison

Vault maps used:
D:1:      eino_arrival_water_star
D:2:      grunt_gozag_statues, nrook_uturn, kennysheep_generic_room_6

Skill      XL: |  1  2  3 |
---------------+----------+-----
Unarmed Combat | 4 |  4.0
Dodging        | 2 |  2.0
Fighting       | |  1.1
Spellcasting   | |  2.2
Transmutations | |  2.4

Action                   || total
-------------------------++-------
Melee: Unarmed           ||    72
       Headbutt          ||     4
       Punch             ||     1
       Dagger            ||    41
       Tailslap          ||     7
       Kick              ||     2
 Cast: Beastly Appendage ||     7
Armor: Skin              ||    37
Dodge: Dodged            ||    98

Table legend:
 A = Non-vault XP
 B = Vault XP
 C = Vault XP percentage of total XP
 D = Non-vault monster count
 E = Vault monster count
 F = Vault count percentage of total count
                 A         B        C        D         E       F
            +---------+---------+-------+---------+---------+-------
      Total |      73 |       0 |   0.0 |      23 |       0 |   0.0
            +---------+---------+-------+---------+---------+-------
        D:1 |      40 |       0 |   0.0 |      18 |       0 |   0.0
        D:2 |      33 |       0 |   0.0 |       5 |       0 |   0.0
            +---------+---------+-------+---------+---------+-------
